 Dungeon Crawl Stone Soup version 0.14-a0-1076-gee4852e (webtiles) character file.

318 PolkaDot the Ruinous (level 4, -3/30 HPs)
             Began as a Vampire Conjurer on Nov 25, 2013.
             Slain by an orc wizard
             ... wielding a +2,+1 dwarven short sword
              (4 damage)
             ... on Level 3 of the Dungeon.
             The game lasted 00:09:14 (2626 turns).

PolkaDot the Ruinous (Vampire Conjurer)             Turns: 2626, Time: 00:09:14

HP  -3/30        AC  2     Str  7      XL: 4   Next: 91%
MP   8/8         EV 12     Int 23      God:
Gold 187         SH  0     Dex 14      Spells:  2 memorised,  2 levels left

rFire  . . .     SeeInvis +     o - +0 dagger (venom)
rCold  . . .     Clarity  .     a - +0 robe
rNeg   + . .     Conserve .     (no shield)
rPois  .         rCorr    .     (no helmet)
rElec  .         rRot     .     (no cloak)
SustAb . .       Spirit   .     (no gloves)
rMut   .         Warding  .     (no boots)
Saprov . . .     Stasis   .     (no amulet)
                                (no ring)
                                f - ring of wizardry

@: brilliant, slightly resistant to hostile enchantments, stealthy
A: fangs 3, see invisible, unbreathing
a: Bat Form


You were on level 3 of the Dungeon.
You were not thirsty.

You visited 1 branch of the dungeon, and saw 3 of its levels.

You collected 187 gold pieces.

Inventory:

Hand weapons
 o - a +0,+0 dagger of venom (weapon)
Armour
 a - a +0 robe (worn)
Scrolls
 d - 2 scrolls of remove curse
 e - a scroll of amnesia {unknown}
 i - 3 scrolls of identify {unknown}
 j - a scroll of blinking {unknown}
 l - a scroll of fog {unknown}
 m - a scroll of teleportation {unknown}
 n - a scroll of enchant armour {unknown}
Jewellery
 f - a ring of wizardry (left hand)
 g - an uncursed ring of teleport control {unknown}
Potions
 k - a potion of flight {unknown}
Books
 c - a book of Conjurations

   Spells                             Type                      Level
   *Magic Dart                        Conjuration                  1
   *Searing Ray                       Conjuration                  2
   Dazzling Spray                     Conjuration/Hexes            3
   Iskenderun's Mystic Blast          Conjuration                  4
   Iskenderun's Battlesphere          Conjuration/Charms           4
   Fulminant Prism                    Conjuration/Hexes            5


   Skills:
 - Level 2.1 Dodging
 - Level 3.0 Stealth
 - Level 1.0 Spellcasting
 * Level 4.7 Conjurations


You had 2 spell levels left.
You knew the following spells:

 Your Spells              Type           Power        Failure   Level  Hunger
a - Magic Dart            Conj           ####         1%          1    ##.....
s - Searing Ray           Conj           #####.       1%          2    ###....


Dungeon Overview and Level Annotations

Branches:
Dungeon (3/16)

Altars:


Innate Abilities, Weirdness & Mutations

You have razor-sharp teeth.*
You have supernaturally acute eyesight.
You can survive without breathing.*


Message History

You kill the giant cockroach!
You hit the orc wizard but do no damage.
The orc wizard is poisoned.
The orc wizard casts a spell at you. The puff of flame hits you!
One of your 3 scrolls of remove curse catches fire!
* * * LOW HITPOINT WARNING * * *
You hit the orc wizard but do no damage.
The orc wizard looks even sicker.
The orc wizard is lightly wounded.
The orc wizard hits you with a dwarven short sword.
* * * LOW HITPOINT WARNING * * *
Drink which item? (? for menu, Esc to quit)
It has a very clean taste.
It was a potion of cure mutation.
The orc wizard hits you but does no damage.
Drink which item? (? for menu, Esc to quit)
You feel more clever all of a sudden.
It was a potion of brilliance.
The orc wizard hits you with a dwarven short sword.
You die...

#...# #............ ........
#...# #.....................
####...#####.....................
.........).............. .......
o........................ ......
........)o...s.........# #..###
..#######...####.#####.#####..###
..# #...# #o# #...........# ..#
#...# #@# #..#..8..#..# ..#
#...####.# #..##...##..# ...
.........####..#######..# ...
..........).....# %(.##... ...
........######..#..8..#... #
#####.. #...........# #..
#..#####.#### #. #..# #. #. #..#
#


You could see an orc wizard (invisible).

Vanquished Creatures
  An orc priest (D:3)
  An orc wizard (D:3)
  2 adders (D:2)
  A worm (D:2)
  2 giant geckos (D:1)
  An ooze (D:2)
  An orc (D:3)
  8 goblins
  3 hobgoblins (D:1)
  8 kobolds
  7 bats
  5 giant cockroaches
  3 giant newts
  7 rats
50 creatures vanquished.

Notes
Turn   | Place    | Note
--------------------------------------------------------------
     0 | D:1      | PolkaDot, the Vampire Conjurer, began the quest for the Orb.
     0 | D:1      | Reached XP level 1. HP: 13/13 MP: 4/4
   659 | D:1      | Reached XP level 2. HP: 14/19 MP: 2/5
   663 | D:1      | Learned a level 2 spell: Searing Ray
  1535 | D:2      | Reached XP level 3. HP: 24/24 MP: 2/6
  1870 | D:2      | Reached skill level 4 in Conjurations
  2082 | D:2      | Reached XP level 4. HP: 28/30 MP: 1/8
  2624 | D:3      | HP: 1/30 [orc wizard/dwarven short sword (5)]
  2626 | D:3      | Slain by an orc wizard

Action                   |  1- 3 |  4- 6 || total
-------------------------+-------+-------++-------
Melee: Unarmed           |    15 |       ||    15
       Dagger            |    22 |     8 ||    30
 Cast: Magic Dart        |    79 |     7 ||    86
       Searing Ray       |     3 |     3 ||     6
  Use: Potion            |     1 |     2 ||     3
       Scroll            |     2 |       ||     2
